 Dungeon Crawl Stone Soup version 0.21.1-1-g345015f (webtiles) character file.

56 Shenanicrawl the Chiller (level 3, -2/26 HPs)
             Began as a Merfolk Ice Elementalist on Feb 16, 2018.
             Slain by a goblin
             ... wielding a +0 club
             ... led by Robin
              (4 damage)
             ... on level 2 of the Dungeon.
             The game lasted 00:10:09 (2256 turns).

Shenanicrawl the Chiller (Merfolk Ice Elementalist) Turns: 2256, Time: 00:10:10

Health: -2/26      AC:  2    Str:  8    XL:     3   Next: 97%
Magic:  1/6        EV: 14    Int: 14    God:
Gold:   43         SH:  0    Dex: 15    Spells: 5/6 levels left

rFire    . . .     SeeInvis .   o - +0 spear
rCold    . . .     Gourm    .   (no shield)
rNeg     . . .     Faith    .   a - +0 robe
rPois    .         Spirit   .   (no helmet)
rElec    .         Reflect  .   (no cloak)
rCorr    .         Harm     .   (no gloves)
MR       .....                  (no boots)
Stlth    ++........             (no amulet)
HPRegen  0.08/turn              (no ring)
MPRegen  0.10/turn              (no ring)

@: very slightly contaminated, invisible
A: change form in water, swift swim, stealthy swim
a: no special abilities


You were on level 2 of the Dungeon.
You were not hungry.

You visited 1 branch of the dungeon, and saw 3 of its levels.

You collected 43 gold pieces.

Inventory:

Hand Weapons
 d - a +0 short sword
 o - a +0 spear (weapon)
 q - a +0 hunting sling
Armour
 a - a +0 robe (worn)
 p - a +0 robe
Scrolls
 g - a scroll of identify {unknown}
 h - a scroll of fear {unknown}
 n - 2 scrolls of amnesia {unknown}
 r - a scroll of magic mapping {unknown}
Potions
 f - a potion of degeneration {unknown}
 i - a potion of ambrosia {unknown}
 j - 2 potions of curing {unknown}
 k - a potion of heal wounds {unknown}
 l - a potion of magic {unknown}
 m - a potion of brilliance {unknown}
Books
 b - a book of Frost

   Spells                             Type                      Level
   a - Freeze                         Ice                          1
   b - Throw Frost                    Conjuration/Ice              2
   c - Ozocubu's Armour               Charms/Ice                   3
   d - Throw Icicle                   Conjuration/Ice              4
   e - Summon Ice Beast               Ice/Summoning                4
Comestibles
 c - 2 rations


   Skills:
 + Level 1.3 Fighting
 + Level 0.6 Polearms
 + Level 3.4 Dodging
 + Level 2.8 Stealth
 + Level 2.4 Spellcasting
   Level 0.7 Conjurations
 + Level 3.7 Ice Magic


You had 5 spell levels left.
You knew the following spells:

 Your Spells              Type           Power        Failure   Level  Hunger
a - Freeze                Ice            ##..         4%          1    #......


Dungeon Overview and Level Annotations

Branches:
Dungeon (3/15)

Altars:

Annotations:
D:2 Robin


Message History

The adder completely misses you. The gnoll barely misses you.
A hobgoblin comes into view. It is wielding a club.
The goblin shouts! x3; You hear a shout! x2
The adder misses you.
You hear a shout!
The hobgoblin shouts!
The hobgoblin shouts!
You hear a shout! x3
Robin of the Strong Arm comes into view.
She is wielding a trident.
Robin shouts!
The adder closely misses you. The adder misses you. The adder misses you.
The adder closely misses you. The adder misses you.
A worm comes into view.
The adder misses you. x2
A goblin comes into view. It is wielding a dagger.
The goblin moves out of view.
Robin roars a battlecry!
The goblins go into a battle-frenzy!
The goblin hits you with a club.
You die...

[. ... ...#
..###.# ##.w
.#...# ...g.
'...' .##g.
...#..##g#
#..#..##g#
#.....##g#
#..##.##@#
####g.g..##S#
#.g..##g.##g#
#..####..##.#
#.#####..##.#
###
...........).#
#..
###.#####.##.##
#.# #.# #.##.#
#.# # #.#
#.##.# #.#


You could see a worm (wandering), Robin, a gnoll, an adder and 4 goblins.

Vanquished Creatures
  2 gnolls
  3 leopard geckos
  2 giant cockroaches
  4 goblins
  2 hobgoblins
  2 jackals (D:1)
  4 kobolds
  A ball python (D:1)
  4 bats
  7 frilled lizards
  6 rats (D:1)
37 creatures vanquished.

Notes
Turn   | Place    | Note
-------+----------+-------------------------------------------
     0 | D:1      | Shenanicrawl the Merfolk Ice Elementalist began the quest for the Orb.
     0 | D:1      | Reached XP level 1. HP: 13/13 MP: 3/3
   464 | D:1      | Reached XP level 2. HP: 20/20 MP: 5/5
  1045 | D:1      | Reached skill level 1 in Fighting
  1369 | D:1      | Reached XP level 3. HP: 18/26 MP: 1/6
  2245 | D:2      | HP: 1/26 [gnoll/whip (11)]
  2250 | D:2      | Noticed Robin
  2256 | D:2      | Slain by a goblin

Skill      XL: |  1  2 |
---------------+-------+-----
Dodging        | 3 |  3.4
Fighting       | 1 |  1.3
Polearms       | |  0.6
Stealth        | |  2.8
Spellcasting   | |  2.4
Conjurations   | |  0.7
Ice Magic      | |  3.7

Action                   || total
-------------------------++-------
Melee: Short sword       ||    52
       Spear             ||    40
 Cast: Freeze            ||    23
  Use: Potion            ||     1
 Stab: Sleeping          ||     6
       Distracted        ||     1
  Eat: Chunk             ||     1
       Ration            ||     1
Armor: Robe              ||    26
Dodge: Dodged            ||   112
